Map: Ultralove

Players

wootwoot - Winner!

  • Race: Terran Terran
  • League: Diamond
  • Spawn Location: 7:00

Shen

  • Race: Zerg Zerg
  • League: Diamond
  • Spawn Location: 1:00

VOD

Have the link to the VOD?

Description

Time

  • Played on: April 2, 2025, 4:46 p.m.
  • Length: 6:45
Show
View Real Time Build Order
Export as new Build Order

wootwoot Terran - Winner!

Build Orders: 2 Factory, Gas First Reaper Expand 

Get SALT Encoding   

  12  0:00  SCV  
  13  0:12  SCV  
  14  0:16  Supply Depot  
  14  0:24  SCV  
  15  0:29  Refinery  
  15  0:38  SCV  
  16  0:44  Barracks  
  16  0:50  SCV  
  17  1:02  SCV  
  18  1:14  SCV  
  19  1:31  Orbital Command, Reaper  
  20  1:47  Command Center  
  20  1:58  Factory  
  20  2:00  SCV  
  21  2:06  Refinery  
  21  2:08  Barracks Reactor  
  21  2:12  SCV  
  22  2:18  Supply Depot  
  22  2:24  SCV  
  23  2:39  SCV  
  24  2:44  Factory  
  28  2:51  SCV, Hellion x2  
  29  2:58  Orbital Command  
  29  3:03  Barracks Tech Lab  
  29  3:06  SCV  
  30  3:15  Hellion x2  
  30  3:18  SCV  
  35  3:24  SCV  
  36  3:30  SCV  
  36  3:33  Mag-Field Accelerator  
  37  3:35  Cyclone  
  37  3:36  SCV  
  41  3:43  Supply Depot  
  41  3:46  SCV  
  41  3:47  Supply Depot  
  42  3:53  SCV  
  43  3:58  SCV  
  44  4:05  SCV  
  45  4:10  SCV  
  45  4:13  Factory  
  45  4:15  Factory  
  45  4:16  Factory  
  46  4:17  SCV  
  46  4:22  SCV, Refinery  
  46  4:23  Refinery  
  48  4:29  SCV  
  49  4:34  SCV  
  49  4:35  Supply Depot  
  49  4:36  Supply Depot  
  50  4:41  SCV  
  50  4:44  Cyclone  
  54  4:46  SCV  
  54  4:48  Hellion x2  
  59  4:57  Factory Tech Lab  
  59  4:58  Factory Tech Lab  
  59  4:59  Factory Reactor  
  59  5:02  SCV x2  
  59  5:04  Supply Depot  
  61  5:15  Hellion x2  
  61  5:16  Infernal Pre-Igniter, Cyclone  
  68  5:26  Cyclone  
  71  5:32  Cyclone  
  74  5:38  Hellion x4  
  82  5:49  Hellion  
  84  5:59  Hellion  
  84  6:02  Supply Depot x2  
Show
View Real Time Build Order
Export as new Build Order

Shen Zerg 

Build Orders: Hatch First 

Get SALT Encoding   

  12  0:00  Drone  
  13  0:09  Drone  
  14  0:14  Extractor  
  14  0:17  Drone  
  15  0:23  Overlord  
  15  0:41  Drone x2  
  17  0:53  Hatchery  
  16  1:00  Drone  
  17  1:05  Drone  
  18  1:14  Extractor  
  17  1:19  Spawning Pool  
  17  1:20  Drone  
  17  1:24  Drone  
  18  1:28  Drone  
  19  1:38  Overlord  
  19  1:49  Drone  
  20  2:06  Queen x2  
  20  2:07  Zergling x2  
  20  2:08  Zergling x2  
  26  2:17  Metabolic Boost  
  26  2:30  Drone x2  
  26  2:33  Drone x3  
  31  2:38  Drone  
  32  2:50  Hatchery  
  31  2:54  Overlord  
  31  2:58  Drone  
  32  2:59  Drone  
  32  3:02  Drone  
  34  3:06  Drone  
  34  3:09  Drone  
  36  3:14  Overlord  
  36  3:22  Drone x3  
  36  3:26  Drone  
  40  3:31  Roach Warren  
  39  3:35  Queen  
  39  3:39  Queen  
  43  3:43  Overlord  
  43  3:44  Drone  
  44  3:50  Drone  
  44  3:53  Overlord  
  44  3:54  Overlord  
  45  3:59  Zergling x4  
  45  4:00  Zergling x4  
  49  4:08  Lair  
  49  4:13  Roach x3  
  49  4:15  Roach  
  57  4:27  Drone  
  57  4:28  Drone x7  
  65  4:32  Extractor  
  65  4:33  Overlord  
  65  4:34  Extractor  
  63  4:40  Drone x3  
  63  4:41  Drone  
  63  4:43  Overlord  
  67  5:00  Drone x3  
  67  5:04  Drone x3  
  67  5:05  Drone, Overlord  
  67  5:06  Baneling Nest, Glial Reconstitution, Evolution Chamber  
  72  5:11  Overlord  
  72  5:12  Drone  
  72  5:13  Drone, Extractor  
  73  5:22  Drone x4  
  73  5:23  Burrow  
  73  5:24  Extractor  
  76  5:32  Overlord  
  76  5:40  Overlord  
  75  5:46  Zergling x18  
  75  5:48  Hatchery  
  82  5:55  Roach x4  
  90  6:01  Roach  
  91  6:04  Drone x3  
  89  6:20  Roach  
  89  6:21  Roach x7  
Tags
 
Add a new tag
Caveats
  • Supply blocks, unpowered buildings, or Contaminate may cause inaccurate times.
  • Supply counts are checked every 10 seconds.